 Dungeon Crawl Stone Soup version 0.18-a0-1311-g779ca93 (webtiles) character file.

112 Foomius the Purveyor of Pain (level 4, -3/35 HPs)
             Began as a Demonspawn Necromancer on Feb 13, 2016.
             Was an Initiate of Kikubaaqudgha.
             Slain by Crazy Yiuf
             ... wielding a +3 quarterstaff of chaos
              (6 damage)
             ... on level 3 of the Dungeon.
             The game lasted 00:10:10 (2572 turns).

Foomius the Purveyor of Pain (DsNe)                 Turns: 2572, Time: 00:10:10

Health: -3/35      AC:  5    Str:  8    XL:     4   Next: 63%
Magic:  0/7        EV: 12    Int: 18    God:    Kikubaaqudgha [......]
Gold:   179        SH:  0    Dex: 13    Spells: 3 memorised, 0 levels left

rFire  . . .     SeeInvis .     s - -3 rapier (curse)
rCold  + . .     Gourm    .     a - +0 robe
rNeg   . . .     Faith    .     (no shield)
rPois  .         Spirit   .     (no helmet)
rElec  .         Dismiss  .     (no cloak)
rCorr  .         Reflect  .     (no gloves)
SustAt .         Harm     .     l - +2 pair of boots
MR     .....                    (no amulet)
Stlth  ++........               (no ring)
                                (no ring)

@: drained, not resistant to hostile enchantments, unstealthy
A: talons 1, cold resistance 1
a: Renounce Religion


You were on level 3 of the Dungeon.
You worshipped Kikubaaqudgha.
Kikubaaqudgha was noncommittal.
You were hungry.

You visited 1 branch of the dungeon, and saw 3 of its levels.

You collected 179 gold pieces.

Inventory:

Hand Weapons
 f - a +0 spear
 k - a +0 short sword
 s - a cursed -3 rapier (weapon)
 w - a +0 falchion
Missiles
 d - 98 stones (quivered)
 h - 26 sling bullets
 q - 12 poisoned needles
Armour
 a - a +0 robe (worn)
 l - a +2 pair of boots (worn)
 u - a +2 cloak
Scrolls
 i - 2 scrolls of teleportation {unknown}
 n - 2 scrolls of identify {unknown}
 t - a scroll of enchant weapon {unknown}
Potions
 e - a potion of mutation {unknown}
 g - a potion of brilliance {unknown}
 o - a potion of degeneration {unknown}
 p - 2 potions of berserk rage {unknown}
 r - a potion of might {unknown}
 x - a potion of magic {unknown}
Books
 b - a book of Necromancy

   Spells                             Type                      Level
   a - Pain                           Necromancy                   1
   b - Animate Skeleton               Necromancy                   1
   c - Vampiric Draining              Necromancy                   3
   d - Regeneration                   Charms/Necromancy            3
   e - Animate Dead                   Necromancy                   4
   f - Control Undead                 Necromancy                   4
Comestibles
 c - a bread ration
 j - a beef jerky
 m - 3 meat rations
 v - 4 chunks of flesh


   Skills:
 - Level 3.0(2.6) Fighting
 - Level 1.7(1.3) Dodging
 - Level 1.7(1.3) Stealth
 - Level 2.1(1.7) Spellcasting
 + Level 0.3(0.0) Charms
 + Level 5.4(5.0) Necromancy


You couldn't memorise any spells.
You knew the following spells:

 Your Spells              Type           Power        Failure   Level  Hunger
a - Pain                  Necr           ###.         2%          1    #......
g - Regeneration          Chrm/Necr      ##........   24%         3    ###....
v - Vampiric Draining     Necr           ###.......   10%         3    ###....


Dungeon Overview and Level Annotations

Branches:
Dungeon (3/15)

Altars:
Kikubaaqudgha

Annotations:
D:3 Crazy Yiuf; Duffy's ghost, amateur DEAE


Innate Abilities, Weirdness & Mutations

You have sharp toenails.
Your flesh is cold resistant.


Message History

Confirm with . or Enter, or press ? or * to list all spells.
Aiming: Vampiric Draining
Press: ? - help, Shift-Dir - straight line, f/p - Crazy Yiuf
Aim: Crazy Yiuf, wielding a quarterstaff of chaos and wearing a cloak (heavily wounded) Crazy Yiuf is severely wounded.
You feel life coursing into your body.
You are feeling hungry.
Crazy Yiuf closely misses you.
The jackal barks!
Casting: Vampiric Draining
Confirm with . or Enter, or press ? or * to list all spells.
Aiming: Pain
Press: ? - help, Shift-Dir - straight line, f/p - Crazy Yiuf
Aim: Crazy Yiuf, wielding a quarterstaff of chaos and wearing a cloak (severely wounded, chance to defeat MR: 86%) Crazy Yiuf barely resists.
Crazy Yiuf hits you with a quarterstaff of chaos!
* * * LOW HITPOINT WARNING * * *
You feel drained.
You die...
Kikubaaqudgha rasps: "You have failed me!
Welcome... death!"

#.....###.#.....
#.###.....#.##..
#.###....##.##.#
###.....#..##.#..#
#................. ########
#÷#.####.÷..#8#.>.
##.#.#..## #.#.# #....#.#...
..#......## #.#.# #....#
#..#
####......######@#.####....#
#..#
##....(..##.g...##......#
#..#
#######.##.###h##.#..#.#
#.## #....# #..#.#....###.#
####.###..#.#..#......
#......h........#..
###.##.#...###..# .##.#.#.#
..... ##.#.#.###.##..


You could see Crazy Yiuf and 2 jackals.

Vanquished Creatures
  5 adders
  2 gnolls
  A worm (D:2)
  2 giant geckos (D:2)
  A ball python (D:2)
  A goblin (D:1)
  7 hobgoblins
  2 jackals
  8 kobolds
  A quokka (D:1)
  4 bats
  2 giant newts (D:3)
  11 rats
  A fungus (D:2)
48 creatures vanquished.

Notes
Turn   | Place    | Note
--------------------------------------------------------------
     0 | D:1      | Foomius the Demonspawn Necromancer began the quest for the Orb.
     0 | D:1      | Reached XP level 1. HP: 13/13 MP: 3/3
   197 | D:1      | Reached skill level 1 in Fighting
   305 | D:1      | Gained mutation: Your flesh is cold resistant. [demonic ancestry]
   305 | D:1      | Reached XP level 2. HP: 16/21 MP: 1/5
  1017 | D:2      | Gained mutation: You have sharp toenails. [demonic ancestry]
  1017 | D:2      | Reached XP level 3. HP: 19/28 MP: 1/6
  1522 | D:2      | Reached skill level 5 in Necromancy
  1522 | D:2      | Reached XP level 4. HP: 19/34 MP: 1/7
  1546 | D:2      | Learned a level 3 spell: Vampiric Draining
  1753 | D:2      | Found an ancient bone altar of Kikubaaqudgha.
  1760 | D:2      | Became a worshipper of Kikubaaqudgha
  2089 | D:2      | Learned a level 3 spell: Regeneration
  2366 | D:3      | Noticed Duffy's ghost (amateur DEAE)
  2547 | D:3      | Noticed Crazy Yiuf
  2572 | D:3      | Slain by Crazy Yiuf

Vault maps used:
D:1:      tarquinn_simple_flora_water_e
D:2:      kiku_gazebo_garden_becter, minmay_gold_behind_fungi, amalloy_card_club
D:3:      marbit_many_paths, first_bread, lemuel_statue_altar, uniq_grinder,
          uniq_crazy_yiuf_cottage

Action                   |  1- 3 |  4- 6 || total
-------------------------+-------+-------++-------
Melee: Club              |     5 |       ||     5
       Spear             |     3 |       ||     3
       Rapier            |       |    26 ||    26
Throw: Stone             |     1 |     4 ||     5
 Cast: Pain              |    57 |    38 ||    95
       Vampiric Draining |       |     1 ||     1
  Use: Scroll            |     2 |       ||     2
  Eat: Chunk             |     2 |     4 ||     6
